 Dungeon Crawl Stone Soup version 0.18-a0-1666-g3ea6f2b (webtiles) character file.

887 Tomstefer the Destroyer (level 7, 0/43 HPs)
             Began as a High Elf Conjurer on Mar 28, 2016.
             Slain by a sky beast (4 damage)
             ... on level 4 of the Dungeon on Mar 31, 2016.
             The game lasted 00:19:16 (5683 turns).

Tomstefer the Destroyer (High Elf Conjurer)         Turns: 5683, Time: 00:19:17

Health: 0/43       AC:  8    Str:  7    XL:     7   Next: 77%
Magic:  11/16      EV: 12    Int: 22    God:
Gold:   323        SH:  0    Dex: 15    Spells: 3 memorised, 9 levels left

rFire  . . .     SeeInvis .     w - +2 halberd (protect)
rCold  . . .     Gourm    .     h - +0 leather armour
rNeg   . . .     Faith    .     (shield currently unavailable)
rPois  .         Spirit   .     (no helmet)
rElec  .         Dismiss  .     (no cloak)
rCorr  .         Reflect  .     (no gloves)
SustAt .         Harm     .     (no boots)
MR     +....                    (no amulet)
Stlth  ++........               (no ring)
                                m - ring of protection from magic

@: somewhat resistant to hostile enchantments, unstealthy
A: no striking features
a: no special abilities


You were on level 4 of the Dungeon.
You were not hungry.

You visited 1 branch of the dungeon, and saw 5 of its levels.

You collected 323 gold pieces.

Inventory:

Hand Weapons
 v - a +0 falchion of holy wrath
 w - a +2 halberd of protection (weapon)
Armour
 a - a +0 robe
 h - a +0 leather armour (worn)
Jewellery
 m - a ring of protection from magic (left hand)
Scrolls
 d - a scroll of random uselessness {unknown}
 f - a scroll of fog {unknown}
 j - a scroll of magic mapping
 k - a scroll of enchant weapon
 o - 3 scrolls of teleportation
 r - 8 scrolls of remove curse
Potions
 e - a potion of invisibility
 g - 2 potions of cure mutation
 i - a potion of degeneration {unknown}
 l - a potion of brilliance {unknown}
 q - 2 potions of curing
Books
 b - a book of Conjurations

   Spells                             Type                      Level
   a - Magic Dart                     Conjuration                  1
   b - Searing Ray                    Conjuration                  2
   c - Dazzling Spray                 Conjuration/Hexes            3
   d - Fulminant Prism                Conjuration/Hexes            4
   e - Iskenderun's Mystic Blast      Conjuration                  4
   f - Iskenderun's Battlesphere      Conjuration/Charms           5
Comestibles
 n - a slice of pizza
 s - 3 beef jerkies
 u - a meat ration


   Skills:
 + Level 1.6 Fighting
 + Level 3.2 Dodging
 - Level 2.1 Stealth
 + Level 5.5 Spellcasting
 * Level 8.8 Conjurations


You had 9 spell levels left.
You knew the following spells:

 Your Spells              Type           Power        Failure   Level  Hunger
a - Magic Dart            Conj           ####         1%          1    None
b - Searing Ray           Conj           #####.       1%          2    None
c - Iskenderun's Battles  Conj/Chrm      ####....     75%         5    #####..


Dungeon Overview and Level Annotations

Branches:
Dungeon (5/15)
 Temple: D:4-7

Altars:


Message History

You can't see any susceptible monsters within range! (Use Z to cast anyway.)
You hit something. Something hits you but does no damage. Something hits you.
Something shocks you.
Casting: Searing Ray
Confirm with . or Enter, or press ? or * to list all spells.
You can't see any susceptible monsters within range! (Use Z to cast anyway.)
Casting: Searing Ray
Confirm with . or Enter, or press ? or * to list all spells.
Aiming: Searing Ray
Press: ? - help, Shift-Dir - straight line The searing ray hits something.
Something hits you. Something shocks you.
The searing ray hits something.
Something hits you but does no damage. Something hits you.
Something shocks you.
* * * LOW HITPOINT WARNING * * *
The searing ray hits something.
Something hits you.
* * * LOW HITPOINT WARNING * * *
Something shocks you.
* * * LOW HITPOINT WARNING * * *
Something hits you.
You die...

#.....####### #............
###########.....#######
##.................# #
#......######'#.#.## # #.####.#
#.#.#.###### ##♣# #.#
#.#.#....... ##PP#
#.######.#.#....... #P♣P#
#.@>............... ##.♣P##
#.########.#....... ###.♣.PP#
#.########.#.......
#..P.♣(P###..........#.......
##...P)♣PP###########.#.......
#P.♣.((.♣..♣# ###..#.......
#.P..(......# ###.P(...#####.
##♣♣.........####PP......##....
#.P♣.......PP.##....P###.##....


There were no monsters in sight!

Vanquished Creatures
  A black bear (D:4)
  A sky beast (D:5)
  A phantom (D:4)
  An ogre (D:5)
  A centaur (D:5)
  A big kobold (D:4)
  A scorpion (D:4)
  A jelly (D:4)
  An orc priest (D:3)
  2 orc wizards (D:3)
  A worker ant zombie (D:5)
  4 gnolls
  6 adders
  An ooze (D:1)
  4 worms
  A dart slug (D:1)
  A giant gecko (D:1)
  6 orcs (D:3)
  A ball python (D:3)
  3 giant cockroaches
  10 goblins
  3 hobgoblins
  3 jackals (D:4)
  28 kobolds
  2 quokkas
  8 bats
  6 giant newts
  6 rats
105 creatures vanquished.

Vanquished Creatures (others)
  A plant (D:4)
1 creature vanquished.

Grand Total: 106 creatures vanquished

Notes
Turn   | Place    | Note
--------------------------------------------------------------
     0 | D:1      | Tomstefer the High Elf Conjurer began the quest for the Orb.
     0 | D:1      | Reached XP level 1. HP: 11/11 MP: 4/4
   680 | D:1      | Reached XP level 2. HP: 17/17 MP: 4/6
   818 | D:1      | Upgraded the game from 0.18-a0-1643-gb89d9db to 0.18-a0-1666-g3ea6f2b
   918 | D:1      | Reached skill level 5 in Conjurations
  1571 | D:2      | Reached XP level 3. HP: 21/21 MP: 4/8
  1598 | D:2      | Learned a level 2 spell: Searing Ray
  2174 | D:3      | Reached XP level 4. HP: 27/27 MP: 1/9
  2273 | D:3      | Reached skill level 6 in Conjurations
  2569 | D:3      | Reached XP level 5. HP: 20/31 MP: 0/11
  2882 | D:3      | Found a faded altar to an unknown god.
  3453 | D:4      | Noticed a phantom
  3470 | D:4      | Killed a phantom
  3470 | D:4      | Reached skill level 7 in Conjurations
  3470 | D:4      | Reached XP level 6. HP: 24/36 MP: 1/13
  4068 | D:4      | Reached skill level 8 in Conjurations
  4068 | D:4      | Reached XP level 7. HP: 28/41 MP: 1/15
  4524 | D:4      | Reached skill level 5 in Spellcasting
  5019 | D:5      | Entered Level 5 of the Dungeon
  5028 | D:5      | Reached skill level 1 in Fighting
  5289 | D:5      | Learned a level 5 spell: Iskenderun's Battlesphere
  5683 | D:4      | Slain by a sky beast

Vault maps used:
D:1:      sevenhm_arrival_forest_fort_small_4
D:3:      ecumenical_altar_2
D:4:      kennysheep_kobold_camp, hex_large, minmay_misc_feat_x
D:5:      first_bread, corexii_hall_statues_i

Skill      XL: |  1  2  3  4  5  6  7 |
---------------+----------------------+-----
Conjurations   | 5 6 7 8 |  8.8
Spellcasting   | 3 4 5 |  5.5
Fighting       | 1 |  1.6
Dodging        | 3 |  3.2
Stealth        | |  2.1

Action                   |  1- 3 |  4- 6 |  7- 9 || total
-------------------------+-------+-------+-------++-------
Melee: Unarmed           |     2 |       |       ||     2
       Short sword       |       |     9 |       ||     9
       Falchion          |       |     5 |       ||     5
       Halberd           |       |    24 |     8 ||    32
 Cast: Magic Dart        |    67 |   140 |    37 ||   244
       Searing Ray       |       |     1 |     5 ||     6
  Use: Scroll            |       |     9 |       ||     9
  Eat: Chunk             |     4 |     6 |       ||    10
       Bread ration      |       |       |     1 ||     1
